 Dungeon Crawl Stone Soup version 0.23.0 (webtiles) character file.

Game seed: 3511206546385435392

13089 tidbits the Thaumaturge (level 12, -20/139 HPs)
             Began as a Gnoll Skald on Feb 11, 2019.
             Was a High Priest of Cheibriados.
             Demolished by an orc warlord
             ... wielding a +2 glaive of freezing
              (33 damage)
             ... on level 2 of the Orcish Mines.
             The game lasted 00:43:49 (2805 turns).

tidbits the Thaumaturge (Gnoll Skald)               Turns: 2805, Time: 00:43:50

Health: -20/139    AC: 11    Str: 31    XL:     12   Next: 2%
Magic:  4/24       EV: 20    Int: 33    God:    Cheibriados [*****.]
Gold:   758        SH:  0    Dex: 26    Spells: 6/28 levels left

rFire    . . .     SeeInvis .   a - +2 halberd
rCold    . . .     Gourm    +   (shield currently unavailable)
rNeg     . . .     Faith    .   B - +0 leather armour
rPois    .         Spirit   .   E - +2 helmet
rElec    .         Reflect  .   C - +1 cloak
rCorr    .         Harm     .   (no gloves)
MR       .....                  F - +1 pair of boots {Stlth+}
Stlth    ..........             y - amulet of the gourmand
HPRegen  0.33/turn              W - ring of wizardry
MPRegen  0.19/turn              (no ring)

@: berserking, hasted, very slow
A: distributed training, fangs 1, evolution 1, strong nose
a: Bend Time, Temporal Distortion, Slouch, Step From Time, Renounce Religion


You were on level 2 of the Orcish Mines.
You worshipped Cheibriados.
Cheibriados was extremely pleased with you.
You were very hungry.

You visited 2 branches of the dungeon, and saw 11 of its levels.
You also visited: Ossuary.

You collected 1052 gold pieces.
You spent 294 gold pieces at shops.

Inventory:

Hand Weapons
 a - a +2 halberd (weapon)
 f - a +0 shortbow
 i - a +0 flail
 l - a +0 shortbow
 p - a +2 dagger of venom
   (You took it off Dowan on level 5 of the Dungeon)
 u - a +0 trident
 x - a +0 dagger of draining
   (You took it off an orc wizard on level 4 of the Dungeon)
 D - a +1 war axe of freezing
   (You found it on level 7 of the Dungeon)
 R - a +4 dire flail
 T - a +2 hunting sling of velocity
   (You took it off Joseph on level 8 of the Dungeon)
 Z - a +0 morningstar
Missiles
 g - 49 stones
 h - 68 arrows
 o - 6 needles of confusion
 H - 9 tomahawks (quivered)
 K - 19 bolts
 S - 32 sling bullets
 V - 8 curare-tipped needles
Armour
 b - the +0 pair of gloves of the Desolation of Salt {rC+ MR- Str-4 Int+5 Stlth+}
   (You bought it in a shop on level 2 of the Orcish Mines)

   It affects your strength (-4).
   It affects your intelligence (+5).
   It protects you from cold.
   It affects your resistance to hostile enchantments.
   It makes you more stealthy.
 e - a +0 ring mail
 j - a +0 ring mail
 A - a +0 troll leather armour
 B - a +0 leather armour (worn)
 C - a +1 cloak (worn)
 E - a +2 helmet (worn)
 F - a +1 pair of boots of stealth (worn)
   (You found it on level 1 of the Orcish Mines)
 N - a +1 ring mail of cold resistance
   (You took it off an orc on level 9 of the Dungeon)
Jewellery
 q - an uncursed ring of positive energy
   (You found it on level 4 of the Dungeon)
 s - an uncursed ring of ice
   (You found it on level 6 of the Dungeon)
 y - an amulet of the gourmand (around neck)
   (You found it on level 4 of the Dungeon)
 W - a ring of wizardry (left hand)
   (You found it on level 4 of the Dungeon)
Wands
 m - a wand of flame (11)
 w - a wand of polymorph (3)
 Q - a wand of disintegration (5)
Scrolls
 c - a scroll of fog
 k - a scroll of remove curse
 t - a scroll of magic mapping
 v - 2 scrolls of immolation {!r}
 J - 3 scrolls of noise {!r}
 P - a scroll of enchant weapon
Potions
 r - 5 potions of curing
 z - a potion of flight
 I - a potion of lignification
 L - 3 potions of degeneration {!q}
 M - a potion of mutation {!q}
Miscellaneous
 X - a phantom mirror
Comestibles
 d - 5 rations


   Skills:
 + Level 8.2 Fighting
 + Level 6.7 Short Blades
 + Level 6.7 Long Blades
 + Level 6.7 Axes
 + Level 6.7 Maces & Flails
 + Level 8.2 Polearms
 + Level 6.7 Staves
 + Level 6.7 Slings
 + Level 6.7 Bows
 + Level 6.7 Crossbows
 + Level 6.7 Throwing
 + Level 7.2 Armour
 + Level 8.2 Dodging
 + Level 6.7 Stealth
 + Level 6.7 Shields
 + Level 6.7 Unarmed Combat
 + Level 8.5 Spellcasting
 + Level 5.5 Conjurations
 + Level 5.5 Hexes
 + Level 7.9 Charms
 + Level 5.5 Summonings
 + Level 5.5 Necromancy
 + Level 5.5 Translocations
 + Level 5.5 Transmutations
 + Level 5.5 Fire Magic
 + Level 5.5 Ice Magic
 + Level 5.5 Air Magic
 + Level 5.5 Earth Magic
 + Level 5.5 Poison Magic
 + Level 7.4 Invocations
 + Level 6.7 Evocations


You had 6 spell levels left.
You knew the following spells:

 Your Spells              Type           Power        Failure   Level  Hunger
c - Confuse               Hex            ######..     1%          3    None
g - Shroud of Golubria    Chrm/Tloc      ######....   1%          2    None
i - Infusion              Chrm           ####         1%          1    None
r - Regeneration          Chrm/Necr      ######....   1%          3    None
w - Spectral Weapon       Hex/Chrm       ######..     1%          3    None
y - Song of Slaying       Chrm           ######..     1%          2    None
L - Summon Lightning Spi  Summ/Air       ######..     1%          4    None
O - Olgreb's Toxic Radia  Pois           ######..     1%          4    None

Your spell library contained the following spells:

 Spells                   Type           Power        Failure   Level  Hunger
 Confusing Touch          Hex            ######       1%          1    None
 Corona                   Hex            ######.      1%          1    None
 Sting                    Conj/Pois      ####         1%          1    None
 Summon Small Mammal      Summ           ####         1%          1    None
 Call Imp                 Summ           ######..     1%          2    None
 Poisonous Vapours        Pois/Air       ######       1%          2    None
 Slow                     Hex            ######..     1%          2    None
 Call Canine Familiar     Summ           ######..     1%          3    None
 Gell's Gravitas          Tloc           ######....   1%          3    None
 Inner Flame              Hex/Fire       ######..     1%          3    None
 Mephitic Cloud           Conj/Pois/Air  ######..     1%          3    None
 Portal Projectile        Hex/Tloc       ######       1%          3    None
 Summon Guardian Golem    Hex/Summ       ######..     1%          3    None
 Cause Fear               Hex            ######....   1%          4    None
 Leda's Liquefaction      Hex/Erth       ######....   1%          4    None
 Petrify                  Tmut/Erth      ######..     1%          4    None
 Summon Ice Beast         Ice/Summ       ######..     1%          4    None
 Metabolic Englaciation   Hex/Ice        ######....   4%          5    ###....
 Venom Bolt               Conj/Pois      ######....   4%          5    ###....
 Yara's Violent Unravell  Hex/Tmut       ######....   4%          5    ###....


Dungeon Overview and Level Annotations

Branches:
Dungeon (9/15)             Temple (0/1) D:7             Orc (2/2) D:9
   Lair: D:8-11         Elf: Orc:2

Altars:
Ashenzari
Cheibriados
Fedhas
Hepliaklqana
Makhleb
Okawaru
Ru
Vehumet
Beogh

Shops:
Orc:2 [


Innate Abilities, Weirdness & Mutations

Your experience applies equally to all skills.
You have very sharp teeth.
Your uncanny sense of smell can sniff out nearby items.
You evolve.


Message History

Your lightning spire shoots out a bolt of lightning at the orc warlord!
The bolt of electricity hits the ogre!!
The bolt of electricity hits the orc warlord!
The bolt of electricity hits the orc knight!
Unknown command.
Unknown command.
You can feel time thicken for a moment.
You kill the ogre!
Cheibriados appreciates the change of pace.
You are feeling very hungry.
The orc warlord shoots a bolt.
The bolt closely misses you.
Unknown command.
Evoke which item? (* to show all) (? for menu, Esc to quit)
Aiming: Disintegrate
Press: ? - help, Shift-Dir - straight line, f - orc sorcerer
Aim: an orc sorcerer, wielding a +0 dagger and wearing a +0 robe (severely wounded, unusually strong, chance to defeat MR: 73%)
The orc sorcerer is blasted!!
You blow up the orc sorcerer!
Cheibriados appreciates the change of pace.
You have reached level 12!
Your experience leads to an increase in your attributes!
Your base attributes are Str 13, Int 20, Dex 14.
Increase (S)trength, (I)ntelligence, or (D)exterity?
You feel clever.
You feel stronger.
The orc warlord shoots a bolt.
The bolt completely misses you.
Unknown command.
You closely miss the orc warrior.
The orc warrior is almost dead.
Your song is almost over.
The orc warrior barely misses you.
The orc warrior hits your lightning spire with a +0 battleaxe!!
Unknown command.
You hit the orc warrior but do no damage.
The orc warrior is almost dead.
The ogre hits your lightning spire with a +0 giant club.
Your lightning spire is destroyed!
The orc warlord shoots a bolt.
The bolt misses you.
The orc warrior hits you with a +0 battleaxe!!
* * * LOW HITPOINT WARNING * * *
Unknown command.
Okay, then.
Okay, then.
Unknown command.
Okay, then.
Okay, then.
Unknown command.
Okay, then.
You fail to use your ability.
Unknown command.
You can feel time thicken for a moment.
You kill the ogre!
Cheibriados appreciates the change of pace.
You kill the orc warrior!
Cheibriados appreciates the change of pace.
You feel somewhat more hungry.
Cheibriados lowers the support of your attributes as your movement quickens.
The orc knight no longer looks unusually strong.
The orc knight barely misses you.
Unknown command.
It was a potion of haste.
You feel yourself speed up.
Cheibriados forgives your accidental hurry, just this once.
Unknown command.
You closely miss the orc knight. Your bite misses the orc knight.
The orc knight is severely wounded.
The orc knight closely misses you.
Evoke which item? (* to show all) (? for menu, Esc to quit)
Okay, then.
Okay, then.
Unknown command.
Okay, then.
Unknown command.
It was a potion of berserk rage.
A red film seems to cover your vision as you go berserk!
Cheibriados protects you from inadvertent hurry.
You feel mighty!
Your song has ended.
The orc warlord roars a battlecry!
The orc knight goes into a battle-frenzy!
Unknown command.
You hit the orc warlord.
You bite the orc warlord, but do no damage.
The orc warlord is heavily wounded.
The orc knight misses you.
The orc warlord unwields a +0 arbalest.
The orc warlord wields a +2 glaive of freezing.
It glows with a cold blue light!
The orc warlord barely misses you.
You hit the orc warlord but do no damage.
The orc warlord is heavily wounded.
You slash the orc warlord!
The orc warlord is severely wounded.
The orc knight hits you with a +0 battleaxe!!
* * * LOW HITPOINT WARNING * * *
The orc warlord barely misses you.
You hit the orc warlord but do no damage.
The orc warlord is severely wounded.
You barely miss the orc warlord.
The orc warlord is severely wounded.
The orc knight hits you with a +0 battleaxe.
* * * LOW HITPOINT WARNING * * *
The orc warlord hits you with a +2 glaive of freezing!!
You die...

##. #### ##.. #..#### .##
##...# ###...(.#...#
..... #.......##..##
###...
#.......#...###.....
###.)@.......##.......
#...oo.......#........
.#...))................
#....)(..................
#..%)(##....#........#.##
........#..##........####
.........%.............#.
..#..o.%...............#.
###..............#.....#.


You could see an orc warlord and an orc knight.

Vanquished Creatures
  The ghost of teukkam the Archer, a journeyman MiFi of Wu Jian (Orc:1)
  A two-headed ogre (D:9)
  2 orc high priests (Orc:2)
  Pikel (D:6)
  An orc knight (Orc:2)
  2 orc sorcerers
  Joseph (D:8)
  Maurice (D:8)
  A troll (Orc:2)
  A hippogriff (D:8)
  6 yaks (D:9)
  A steam dragon (D:9)
  Eustachio (D:5)
  4 vampire mosquitoes (D:9)
  A warg (Orc:2)
  Duvessa (D:5)
  2 ice beasts
  16 orc warriors
  2 slaves (D:6)
  A necrophage (D:6)
  A black bear (D:9)
  11 ogres
  2 phantoms
  A centaur (D:5)
  A big kobold (D:8)
  6 bullfrogs
  Dowan (D:5)
  5 scorpions
  A spectral ogre (Orc:1)
  3 killer bees
  4 wights
  An electric eel (Orc:1)
  A howler monkey (D:3)
  A bullfrog zombie (D:9)
  A centaur skeleton (D:8)
  3 hounds
  10 orc priests
  A gnoll shaman (Orc:2)
  2 jellies
  8 orc wizards
  3 iguanas
  A warg simulacrum (Orc:1)
  2 worker ants
  A hound skeleton (D:9)
  4 mummies (Ossuary)
  11 gnolls
  An ogre simulacrum (Orc:1)
  2 adders
  A shadow imp (D:5)
  2 orc simulacra (Orc:1)
  An ooze (D:6)
  An adder skeleton (D:6)
  2 worms
  A leopard gecko (D:5)
  68 orcs
  3 bats (D:3)
  A giant cockroach (D:3)
  4 jackals
  2 quokkas (D:7)
  3 ball pythons
  A frilled lizard (D:5)
  A jackal skeleton (D:5)
  A jackal zombie (D:9)
  2 kobolds
230 creatures vanquished.

Vanquished Creatures (collateral kills)
  An orc knight (Orc:2)
  Grinder (D:5)
  A warg (Orc:2)
  5 orc warriors
  3 ogres
  A centaur (D:8)
  A killer bee (D:7)
  2 wights (D:7)
  An orc priest (D:7)
  An orc wizard (D:7)
  5 orcs
  A jackal (D:7)
  3 kobolds (D:8)
  A fungus (Orc:2)
27 creatures vanquished.

Vanquished Creatures (others)
  2 spectral weapons
2 creatures vanquished.

Grand Total: 259 creatures vanquished

Notes
Turn   | Place    | Note
-------+----------+-------------------------------------------
     0 | D:1      | tidbits the Gnoll Skald began the quest for the Orb.
     0 | D:1      | Reached XP level 1. HP: 20/20 MP: 6/6
   116 | D:3      | Reached XP level 2. HP: 21/26 MP: 0/7
   120 | D:3      | Learned a level 2 spell: Song of Slaying
   123 | D:3      | Learned a level 2 spell: Shroud of Golubria
   204 | D:4      | Noticed a phantom
   204 | D:4      | Noticed a howler monkey
   219 | D:3      | Killed a howler monkey
   219 | D:3      | Reached skill level 5 in Spellcasting
   219 | D:3      | Reached skill level 1 in Invocations
   219 | D:3      | Reached XP level 3. HP: 20/31 MP: 4/9
   224 | D:3      | Learned a level 3 spell: Regeneration
   228 | D:3      | Learned a level 3 spell: Spectral Weapon
   308 | D:4      | Reached skill level 1 in Short Blades
   308 | D:4      | Reached skill level 1 in Long Blades
   308 | D:4      | Reached skill level 1 in Axes
   308 | D:4      | Reached skill level 1 in Maces & Flails
   308 | D:4      | Reached skill level 1 in Staves
   308 | D:4      | Reached skill level 1 in Slings
   308 | D:4      | Reached skill level 1 in Bows
   308 | D:4      | Reached skill level 1 in Crossbows
   308 | D:4      | Reached skill level 1 in Throwing
   308 | D:4      | Reached skill level 1 in Stealth
   308 | D:4      | Reached skill level 1 in Shields
   308 | D:4      | Reached skill level 1 in Unarmed Combat
   308 | D:4      | Reached skill level 1 in Evocations
   312 | D:4      | Reached XP level 4. HP: 25/38 MP: 0/11
   363 | D:5      | Entered Level 5 of the Dungeon
   406 | D:5      | Noticed Eustachio
   419 | D:5      | Killed Eustachio
   419 | D:5      | Reached skill level 3 in Armour
   419 | D:5      | Reached skill level 1 in Conjurations
   419 | D:5      | Reached skill level 1 in Hexes
   419 | D:5      | Reached skill level 1 in Summonings
   419 | D:5      | Reached skill level 1 in Necromancy
   419 | D:5      | Reached skill level 1 in Translocations
   419 | D:5      | Reached skill level 1 in Transmutations
   419 | D:5      | Reached skill level 1 in Fire Magic
   419 | D:5      | Reached skill level 1 in Ice Magic
   419 | D:5      | Reached skill level 1 in Air Magic
   419 | D:5      | Reached skill level 1 in Earth Magic
   419 | D:5      | Reached skill level 1 in Poison Magic
   419 | D:5      | Reached XP level 5. HP: 43/43 MP: 10/12
   440 | D:5      | Reached skill level 2 in Invocations
   440 | D:5      | Reached XP level 6. HP: 41/50 MP: 7/13
   463 | D:5      | Found a shattered altar of Ashenzari.
   463 | D:5      | Found a snail-covered altar of Cheibriados.
   463 | D:5      | Found a burning altar of Makhleb.
   464 | D:5      | Found a hazy altar of Hepliaklqana.
   464 | D:5      | Noticed a phantom
   474 | D:5      | Became a worshipper of Cheibriados the Contemplative
   477 | D:5      | Reached skill level 5 in Fighting
   477 | D:5      | Reached skill level 2 in Short Blades
   477 | D:5      | Reached skill level 2 in Long Blades
   477 | D:5      | Reached skill level 2 in Axes
   477 | D:5      | Reached skill level 2 in Maces & Flails
   477 | D:5      | Reached skill level 5 in Polearms
   477 | D:5      | Reached skill level 2 in Staves
   477 | D:5      | Reached skill level 2 in Slings
   477 | D:5      | Reached skill level 2 in Bows
   477 | D:5      | Reached skill level 2 in Crossbows
   477 | D:5      | Reached skill level 2 in Throwing
   477 | D:5      | Reached skill level 5 in Dodging
   477 | D:5      | Reached skill level 2 in Stealth
   477 | D:5      | Reached skill level 2 in Shields
   477 | D:5      | Reached skill level 2 in Unarmed Combat
   477 | D:5      | Reached skill level 2 in Evocations
   479 | D:5      | Killed a phantom
   526 | D:5      | Noticed Duvessa
   526 | D:5      | Noticed Dowan
   533 | D:5      | Killed Duvessa
   533 | D:5      | Reached XP level 7. HP: 16/56 MP: 8/15
   539 | D:5      | Killed Dowan
   551 | D:5      | Learned a level 3 spell: Confuse
   563 | D:4      | Reached skill level 2 in Conjurations
   563 | D:4      | Reached skill level 2 in Hexes
   563 | D:4      | Reached skill level 2 in Summonings
   563 | D:4      | Reached skill level 2 in Necromancy
   563 | D:4      | Reached skill level 2 in Translocations
   563 | D:4      | Reached skill level 2 in Transmutations
   563 | D:4      | Reached skill level 2 in Fire Magic
   563 | D:4      | Reached skill level 2 in Ice Magic
   563 | D:4      | Reached skill level 2 in Air Magic
   563 | D:4      | Reached skill level 2 in Earth Magic
   563 | D:4      | Reached skill level 2 in Poison Magic
   568 | D:4      | HP: 9/56 [gnoll/+0 spear (7)]
   569 | D:4      | HP: 1/56 [gnoll/+0 spear (8)]
   605 | D:4      | Found an iron altar of Okawaru.
   675 | D:6      | Reached * piety under Cheibriados
   695 | D:6      | Found a blossoming altar of Fedhas.
   736 | D:6      | Noticed Pikel
   743 | D:6      | Killed Pikel
   743 | D:6      | Reached skill level 3 in Short Blades
   743 | D:6      | Reached skill level 3 in Long Blades
   743 | D:6      | Reached skill level 3 in Axes
   743 | D:6      | Reached skill level 3 in Maces & Flails
   743 | D:6      | Reached skill level 3 in Staves
   743 | D:6      | Reached skill level 3 in Slings
   743 | D:6      | Reached skill level 3 in Bows
   743 | D:6      | Reached skill level 3 in Crossbows
   743 | D:6      | Reached skill level 3 in Throwing
   743 | D:6      | Reached skill level 4 in Armour
   743 | D:6      | Reached skill level 3 in Stealth
   743 | D:6      | Reached skill level 3 in Shields
   743 | D:6      | Reached skill level 3 in Unarmed Combat
   743 | D:6      | Reached skill level 6 in Spellcasting
   743 | D:6      | Reached skill level 6 in Charms
   743 | D:6      | Reached skill level 3 in Invocations
   743 | D:6      | Reached skill level 3 in Evocations
   743 | D:6      | Reached XP level 8. HP: 42/63 MP: 7/17
   864 | D:5      | Found a radiant altar of Vehumet.
   868 | D:5      | Noticed Grinder
   916 | D:4      | Reached skill level 4 in Invocations
   938 | D:4      | Reached skill level 3 in Conjurations
   938 | D:4      | Reached skill level 3 in Hexes
   938 | D:4      | Reached skill level 3 in Summonings
   938 | D:4      | Reached skill level 3 in Necromancy
   938 | D:4      | Reached skill level 3 in Translocations
   938 | D:4      | Reached skill level 3 in Transmutations
   938 | D:4      | Reached skill level 3 in Fire Magic
   938 | D:4      | Reached skill level 3 in Ice Magic
   938 | D:4      | Reached skill level 3 in Air Magic
   938 | D:4      | Reached skill level 3 in Earth Magic
   938 | D:4      | Reached skill level 3 in Poison Magic
   963 | D:4      | Learned a level 4 spell: Summon Lightning Spire
  1011 | D:5      | Killed Grinder
  1011 | D:5      | Reached skill level 6 in Fighting
  1011 | D:5      | Reached skill level 6 in Polearms
  1011 | D:5      | Reached skill level 6 in Dodging
  1011 | D:5      | Reached XP level 9. HP: 68/69 MP: 6/18
  1058 | D:7      | Reached ** piety under Cheibriados
  1128 | D:7      | Found a staircase to the Ecumenical Temple.
  1199 | D:8      | Reached skill level 4 in Short Blades
  1199 | D:8      | Reached skill level 4 in Long Blades
  1199 | D:8      | Reached skill level 4 in Axes
  1199 | D:8      | Reached skill level 4 in Maces & Flails
  1199 | D:8      | Reached skill level 4 in Staves
  1199 | D:8      | Reached skill level 4 in Slings
  1199 | D:8      | Reached skill level 4 in Bows
  1199 | D:8      | Reached skill level 4 in Crossbows
  1199 | D:8      | Reached skill level 4 in Throwing
  1199 | D:8      | Reached skill level 4 in Stealth
  1199 | D:8      | Reached skill level 4 in Shields
  1199 | D:8      | Reached skill level 4 in Unarmed Combat
  1199 | D:8      | Reached skill level 4 in Evocations
  1251 | D:7      | Reached skill level 5 in Armour
  1325 | D:8      | Found a sand-covered staircase.
  1330 | Ossuary  | Entered an ossuary
  1406 | Ossuary  | Gained mutation: You are weak. (Str -2) [potion of
                  | mutation]
  1406 | Ossuary  | Gained mutation: You evolve. [potion of mutation]
  1479 | D:8      | Noticed Maurice
  1486 | D:8      | Killed Maurice
  1519 | D:8      | Reached skill level 5 in Invocations
  1524 | D:8      | Reached *** piety under Cheibriados
  1585 | D:8      | Reached XP level 10. HP: 57/77 MP: 12/20
  1702 | D:8      | Noticed Joseph
  1720 | D:8      | Killed Joseph
  1720 | D:8      | Reached skill level 7 in Spellcasting
  1720 | D:8      | Reached skill level 4 in Conjurations
  1720 | D:8      | Reached skill level 4 in Hexes
  1720 | D:8      | Reached skill level 4 in Summonings
  1720 | D:8      | Reached skill level 4 in Necromancy
  1720 | D:8      | Reached skill level 4 in Translocations
  1720 | D:8      | Reached skill level 4 in Transmutations
  1720 | D:8      | Reached skill level 4 in Fire Magic
  1720 | D:8      | Reached skill level 4 in Ice Magic
  1720 | D:8      | Reached skill level 4 in Air Magic
  1720 | D:8      | Reached skill level 4 in Earth Magic
  1720 | D:8      | Reached skill level 4 in Poison Magic
  1732 | D:9      | Noticed a two-headed ogre
  1743 | D:9      | Killed a two-headed ogre
  1743 | D:9      | Reached skill level 5 in Short Blades
  1743 | D:9      | Reached skill level 5 in Long Blades
  1743 | D:9      | Reached skill level 5 in Axes
  1743 | D:9      | Reached skill level 5 in Maces & Flails
  1743 | D:9      | Reached skill level 5 in Staves
  1743 | D:9      | Reached skill level 5 in Slings
  1743 | D:9      | Reached skill level 5 in Bows
  1743 | D:9      | Reached skill level 5 in Crossbows
  1743 | D:9      | Reached skill level 5 in Throwing
  1743 | D:9      | Reached skill level 5 in Stealth
  1743 | D:9      | Reached skill level 5 in Shields
  1743 | D:9      | Reached skill level 5 in Unarmed Combat
  1743 | D:9      | Reached skill level 7 in Charms
  1743 | D:9      | Reached skill level 5 in Evocations
  1813 | D:9      | Reached skill level 7 in Fighting
  1813 | D:9      | Reached skill level 7 in Polearms
  1813 | D:9      | Reached skill level 7 in Dodging
  1880 | D:9      | Found a sacrificial altar of Ru.
  1906 | D:9      | Reached skill level 6 in Armour
  1945 | D:9      | Reached **** piety under Cheibriados
  1948 | D:9      | Reached skill level 6 in Invocations
  1995 | D:9      | Reached XP level 11. HP: 44/84 MP: 11/22
  2034 | D:9      | Reached ***** piety under Cheibriados
  2040 | D:9      | Found a roughly hewn altar of Beogh.
  2042 | D:9      | Found a staircase to the Orcish Mines.
  2156 | Orc:1    | Entered Level 1 of the Orcish Mines
  2255 | Orc:1    | Found a runed translucent gate.
  2255 | Orc:1    | Found a runed translucent gate.
  2255 | Orc:1    | Found a runed translucent gate.
  2255 | Orc:1    | Noticed teukkam's ghost (journeyman MiFi)
  2265 | Orc:1    | Reached skill level 6 in Short Blades
  2265 | Orc:1    | Reached skill level 6 in Long Blades
  2265 | Orc:1    | Reached skill level 6 in Axes
  2265 | Orc:1    | Reached skill level 6 in Maces & Flails
  2265 | Orc:1    | Reached skill level 6 in Staves
  2265 | Orc:1    | Reached skill level 6 in Slings
  2265 | Orc:1    | Reached skill level 6 in Bows
  2265 | Orc:1    | Reached skill level 6 in Crossbows
  2265 | Orc:1    | Reached skill level 6 in Throwing
  2265 | Orc:1    | Reached skill level 6 in Stealth
  2265 | Orc:1    | Reached skill level 6 in Shields
  2265 | Orc:1    | Reached skill level 6 in Unarmed Combat
  2265 | Orc:1    | Reached skill level 6 in Evocations
  2281 | Orc:1    | Killed teukkam's ghost
  2281 | Orc:1    | Reached skill level 8 in Spellcasting
  2281 | Orc:1    | Reached skill level 5 in Conjurations
  2281 | Orc:1    | Reached skill level 5 in Hexes
  2281 | Orc:1    | Reached skill level 5 in Summonings
  2281 | Orc:1    | Reached skill level 5 in Necromancy
  2281 | Orc:1    | Reached skill level 5 in Translocations
  2281 | Orc:1    | Reached skill level 5 in Transmutations
  2281 | Orc:1    | Reached skill level 5 in Fire Magic
  2281 | Orc:1    | Reached skill level 5 in Ice Magic
  2281 | Orc:1    | Reached skill level 5 in Air Magic
  2281 | Orc:1    | Reached skill level 5 in Earth Magic
  2281 | Orc:1    | Reached skill level 5 in Poison Magic
  2308 | Orc:1    | Learned a level 4 spell: Olgreb's Toxic Radiance
  2348 | Orc:1    | Noticed an orc sorcerer
  2354 | Orc:1    | Killed an orc sorcerer
  2360 | Orc:1    | Lost mutation: You are weak. (Str -2) [evolution]
  2456 | Orc:2    | Entered Level 2 of the Orcish Mines
  2456 | Orc:2    | Noticed an orc knight
  2472 | Orc:2    | Killed an orc knight
  2496 | Orc:2    | Noticed an orc high priest
  2510 | Orc:2    | Reached ****** piety under Cheibriados
  2522 | Orc:2    | Reached skill level 7 in Invocations
  2530 | Orc:2    | Killed an orc high priest
  2530 | Orc:2    | Reached skill level 8 in Fighting
  2530 | Orc:2    | Reached skill level 8 in Polearms
  2530 | Orc:2    | Reached skill level 7 in Armour
  2530 | Orc:2    | Reached skill level 8 in Dodging
  2550 | Orc:2    | Noticed an orc knight
  2560 | Orc:2    | Killed an orc knight
  2575 | Orc:2    | Found Koygiat's Antique Armour Shoppe.
  2635 | Orc:1    | Found a radiant altar of Vehumet.
  2692 | Orc:2    | Bought a pair of scorched gloves for 294 gold pieces
  2697 | Orc:2    | Identified the +0 pair of gloves of the Desolation of Salt
                  | {rC+ MR- Str-4 Int+5 Stlth+} (You bought it in a shop on
                  | level 2 of the Orcish Mines)
  2783 | Orc:2    | Noticed an orc warlord
  2783 | Orc:2    | Noticed an orc high priest
  2789 | Orc:2    | Noticed an orc sorcerer
  2790 | Orc:2    | Noticed an orc knight
  2791 | Orc:2    | Killed an orc high priest
  2793 | Orc:2    | Killed an orc sorcerer
  2793 | Orc:2    | Reached XP level 12. HP: 43/93 MP: 7/24
  2803 | Orc:2    | HP: 17/139 [orc knight/+0 battleaxe (22)]
  2805 | Orc:2    | Demolished by an orc warlord

Skill      XL: |  1  2  3  4  5  6  7  8  9 10 11 |
---------------+----------------------------------+-----
Spellcasting   | 5 6 7 8 |  8.5
Invocations    | 1 2 3 4 5 6 7 |  7.4
Short Blades   | 1 2 3 4 5 6 |  6.7
Long Blades    | 1 2 3 4 5 6 |  6.7
Axes           | 1 2 3 4 5 6 |  6.7
Maces & Flails | 1 2 3 4 5 6 |  6.7
Staves         | 1 2 3 4 5 6 |  6.7
Slings         | 1 2 3 4 5 6 |  6.7
Bows           | 1 2 3 4 5 6 |  6.7
Crossbows      | 1 2 3 4 5 6 |  6.7
Throwing       | 1 2 3 4 5 6 |  6.7
Stealth        | 1 2 3 4 5 6 |  6.7
Shields        | 1 2 3 4 5 6 |  6.7
Unarmed Combat | 1 2 3 4 5 6 |  6.7
Evocations     | 1 2 3 4 5 6 |  6.7
Armour         | 3 4 5 6 7 |  7.2
Conjurations   | 1 2 3 4 5 |  5.5
Hexes          | 1 2 3 4 5 |  5.5
Summonings     | 1 2 3 4 5 |  5.5
Necromancy     | 1 2 3 4 5 |  5.5
Translocations | 1 2 3 4 5 |  5.5
Transmutations | 1 2 3 4 5 |  5.5
Fire Magic     | 1 2 3 4 5 |  5.5
Ice Magic      | 1 2 3 4 5 |  5.5
Air Magic      | 1 2 3 4 5 |  5.5
Earth Magic    | 1 2 3 4 5 |  5.5
Poison Magic   | 1 2 3 4 5 |  5.5
Fighting       | 5 6 7 8 |  8.2
Polearms       | 5 6 7 8 |  8.2
Dodging        | 5 6 7 8 |  8.2
Charms         | 6 7 |  7.9

Action                   |  1- 3 |  4- 6 |  7- 9 | 10-12 || total
-------------------------+-------+-------+-------+-------++-------
Melee: Spear             |    60 |    23 |       |       ||    83
       Bite              |     5 |     5 |    21 |    33 ||    64
       Great sword       |       |     9 |    74 |       ||    83
       Halberd           |       |       |    58 |   248 ||   306
       Dagger            |       |       |     7 |       ||     7
       Punch             |       |       |     1 |       ||     1
Throw: Stone             |       |     1 |    11 |       ||    12
       Tomahawk          |       |       |       |    12 ||    12
 Cast: Infusion          |     3 |       |       |       ||     3
       Song of Slaying   |     2 |       |     9 |     9 ||    20
       Spectral Weapon   |     2 |     5 |    24 |    22 ||    53
       Shroud of Golubri |       |     2 |     9 |    12 ||    23
       Regeneration      |       |     1 |    12 |    14 ||    27
       Summon Lightning  |       |       |    11 |    11 ||    22
       Olgreb's Toxic Ra |       |       |       |     1 ||     1
Invok: Bend Time         |       |       |       |     1 ||     1
       Slouch            |       |       |       |     5 ||     5
Evoke: Wand              |       |     8 |     9 |     7 ||    24
  Use: Potion            |       |     2 |     2 |     8 ||    12
       Scroll            |       |       |    11 |     2 ||    13
 Stab: Distracted        |       |       |     3 |     7 ||    10
       Invisible         |       |       |       |     2 ||     2
       Sleeping          |       |       |       |     1 ||     1
  Eat: Ration            |       |     1 |     1 |       ||     2
Armor: Leather armour    |    12 |     3 |    34 |    39 ||    88
       Ring mail         |       |       |       |     5 ||     5
Dodge: Dodged            |    37 |    30 |   130 |   195 ||   392
       Rpst.: Great sword |       |     4 |    31 |       ||    35

Table legend:
 A = Turns spent in this place as a percentage of turns spent in the entire game.
 B = Non-inter-level travel turns spent in this place as a percentage of non-inter-level travel turns spent in the entire game.
 C = Inter-level travel turns spent in this place as a percentage of turns spent in this place.
 D = Turns resting spent in this place as a percentage of non-inter-level travel turns spent in this place.
 E = Turns spent auto-exploring this place as a percentage of non-inter-level travel turns spent in this place.
 F = Non-inter-level travel turns spent in this place divided by the number of levels of this place that you've seen.
                   A       B       C       D       E      F
               +-------+-------+-------+-------+-------+----------------------
         Total | 100.0 | 100.0 |   0.0 |   0.0 |   0.0 | 233.8
       Dungeon |  72.1 |  72.1 |   0.0 |   0.0 |   0.0 | 224.7
  Orcish Mines |  23.1 |  23.1 |   0.0 |   0.0 |   0.0 | 324.5
       Ossuary |   4.8 |   4.8 |   0.0 |   0.0 |   0.0 | 134.0
               +-------+-------+-------+-------+-------+----------------------

Table legend:
 A = Kills in this place as a percentage of kills in entire the game.
 B = Kills by you in this place as a percentage of kills by you in the entire game.
 C = Kills by friends in this place as a percentage of kills by friends in the entire game.
 D = Other kills in this place as a percentage of other kills in the entire game.
 E = Experience gained in this place as a percentage of experience gained in the entire game.
 F = Experience gained in this place divided by the number of levels of this place that you have seen.
                   A       B       C       D       E      F
               +-------+-------+-------+-------+-------+----------------------
         Total | 100.0 | 100.0 | 100.0 |   N/A | 100.0 | 1558.2
       Dungeon |  69.3 |  71.1 |  53.8 |   N/A |  57.4 | 1191.8
  Orcish Mines |  29.1 |  27.2 |  46.2 |   N/A |  42.3 | 3955.5
       Ossuary |   1.6 |   1.8 |   0.0 |   N/A |   0.3 |  62.0
               +-------+-------+-------+-------+-------+----------------------

Levels and vault maps discovered:
D:1:      lightli_arrival_windingriver, layout_loops_cross
D:2:      layout_loops_ring, chequers_serial_rivers_small_3,
          minmay_misc_feat_encased, minmay_pentomino_q4
D:3:      layout_loops_ring, lemuel_coloured_pillars_altar
D:4:      layout_basic, serial_forest, infiniplex_forest_end_2,
          infiniplex_forest_straight_3, infiniplex_forest_straight_1,
          infiniplex_forest_clump_curved, infiniplex_forest_lined_corner,
          infiniplex_forest_clump_small, okawaru_ov_weapons_minmay
D:5:      layout_loops_ring, chequers_temple_overflow_statue_of_worship,
          first_ration, vehumet_altar_wand_db, uniq_grinder, uniq_eustachio,
          uniq_duvessa
D:6:      layout_rooms, fedhas_altar_3, uniq_pikel
D:7:      layout_basic, minmay_temple_entry_wispy
D:8:      layout_basic, zin_statuary, enter_ossuary_5, the_bakery, uniq_maurice,
          uniq_joseph
D:9:      layout_basic, hangedman_ru_absence, overflow_temple_1_default,
          david_orc_5, special_room [special_room_orc], basic_altar
Orc:1:    lemuel_ogre_cave, layout_diamond_mine, basic_altar,
          gammafunk_ghost_necromancy, mines2_lemuel
Orc:2:    grunt_orc_gardens, layout_diamond_mine, grunt_orc_garden,
          grunt_orc_garden, grunt_orc_garden, grunt_orc_garden
Ossuary:  ossuary_crypta
